 Dungeon Crawl Stone Soup version 0.19-a0-1107-gc676ff4 (webtiles) character file.

166 mistymad the Ruffian (level 5, -8/48 HPs)
             Began as a Troll Earth Elementalist on Aug 9, 2016.
             Mangled by a mummy (15 damage)
             ... in an ossuary.
             The game lasted 00:05:17 (2171 turns).

mistymad the Ruffian (Troll Earth Elementalist)     Turns: 2171, Time: 00:05:18

Health: -8/48      AC:  7    Str: 16    XL:     5   Next: 22%
Magic:  5/5        EV: 10    Int: 12    God:
Gold:   135        SH:  0    Dex: 10    Spells: 1 memorised, 5 levels left

rFire  . . .     SeeInvis .       - Unarmed
rCold  . . .     Gourm    +     c - +0 robe
rNeg   . . .     Faith    .     (no shield)
rPois  .         Spirit   .     (helmet restricted)
rElec  .         Dismiss  +     B - +1 cloak
rCorr  .         Reflect  .     (gloves unavailable)
SustAt .         Harm     .     (boots unavailable)
MR     .....                    f - amulet of dismissal
Stlth  +.........               (no ring)
                                (no ring)

@:
A: unfitting armour, claws 3, fast metabolism 3, gourmand, regeneration 2,
shaggy fur 1, tough skin 2
a: no special abilities


You were in an ossuary.
You were completely stuffed.

You visited 1 branch of the dungeon, and saw 4 of its levels.
You also visited: Ossuary.

You collected 135 gold pieces.

Inventory:

Hand Weapons
 m - a +2 whip of venom
Missiles
 b - 144 stones (quivered)
 A - a throwing net
Armour
 c - a +0 robe (worn)
 B - a +1 cloak (worn)
Jewellery
 f - an amulet of dismissal (around neck)
Wands
 q - a wand of flame (21/48)
Scrolls
 i - 2 scrolls of remove curse
 j - a scroll of identify
 y - a scroll of amnesia {unknown}
 D - 2 scrolls of blinking {unknown}
Potions
 g - a potion of curing
 k - 3 potions of might {unknown}
 u - a potion of flight {unknown}
 v - 3 potions of haste {unknown}
 x - a potion of lignification {unknown}
 z - a potion of brilliance {unknown}
 C - a potion of heal wounds {unknown}
 E - a potion of mutation {unknown}
Books
 e - a book of Geomancy

   Spells                             Type                      Level
   a - Sandblast                      Earth                        1
   b - Passwall                       Transmutation/Earth          2
   c - Stone Arrow                    Conjuration/Earth            3
   d - Petrify                        Transmutation/Earth          4
   e - Lee's Rapid Deconstruction     Earth                        5
 F - a book of Unlife

   Spells                             Type                      Level
   a - Recall                         Summoning/Translocation      3
   b - Animate Dead                   Necromancy                   4
   c - Control Undead                 Necromancy                   4
   d - Cigotuvi's Embrace             Necromancy                   5
   e - Death Channel                  Necromancy                   6
   f - Simulacrum                     Ice/Necromancy               6
Comestibles
 a - a slice of pizza
 d - 5 bread rations
 h - a royal jelly
 l - 4 chunks of flesh
 r - a meat ration


   Skills:
 + Level 1.4 Fighting
 + Level 3.0 Dodging
 - Level 1.1 Stealth
 + Level 3.2 Unarmed Combat
 - Level 1.2 Spellcasting
   Level 0.6 Transmutations
 + Level 2.6 Earth Magic


You had 5 spell levels left.
You knew the following spells:

 Your Spells              Type           Power        Failure   Level  Hunger
a - Sandblast             Erth           #.....       12%         1    ##.....


Dungeon Overview and Level Annotations

Branches:
Dungeon (4/15)
 Temple: D:4-7

Altars:
Zin


Innate Abilities, Weirdness & Mutations

You are too large for most types of armour.
You have claws for hands.
Your metabolism is lightning-fast.
You like to eat raw meat.
You heal very quickly.
You are covered in fur. (AC +1)
You have very tough skin. (AC +2)


Message History

There is an empty arch of ancient stone here.
The mummy hits you. The mummy barely misses you.
You take 6 damage, and have 42/48 hp.
You scratch the mummy.
The mummy is lightly damaged.
You scratch the mummy but do no damage.
The mummy is lightly damaged.
The mummy closely misses you. The mummy hits you but does no damage.
You barely miss the mummy.
The mummy is lightly damaged.
You scratch the mummy.
The mummy is heavily damaged.
The mummy hits you! The mummy barely misses you. x2
You take 13 damage, and have 31/48 hp.
MASSIVE DAMAGE!!
You barely miss the mummy.
The mummy is heavily damaged.
The mummy hits you! x2
* * * LOW HITPOINT WARNING * * *
The mummy hits you!
You die...

#######
#M#M#.#
#.@M..#
##...##
#.∩.#
#...#
#.∩.#
#...#
##+##


You could see 3 mummies.

Vanquished Creatures
  6 adders
  4 gnolls (D:3)
  An ooze (D:3)
  An adder skeleton (D:4)
  A worm (D:2)
  2 dart slugs (D:1)
  2 giant geckos
  2 orcs
  4 bats
  3 giant cockroaches
  8 goblins
  6 hobgoblins
  2 jackals (D:2)
  A quokka (D:3)
  A ball python (D:2)
  5 giant newts
  6 kobolds
  9 rats
64 creatures vanquished.

Notes
Turn   | Place    | Note
-------+----------+-------------------------------------------
     0 | D:1      | mistymad the Troll Earth Elementalist began the quest for the Orb.
     0 | D:1      | Reached XP level 1. HP: 16/16 MP: 1/1
   159 | D:1      | Reached skill level 1 in Unarmed Combat
   169 | D:1      | Reached XP level 2. HP: 24/24 MP: 2/2
   812 | D:2      | Reached XP level 3. HP: 20/31 MP: 3/3
  1003 | D:2      | Found a glowing silver altar of Zin.
  1533 | D:2      | Reached XP level 4. HP: 29/40 MP: 4/4
  1879 | D:3      | Reached skill level 1 in Fighting
  2024 | D:3      | Reached XP level 5. HP: 32/48 MP: 5/5
  2145 | D:4      | Found a sand-covered staircase.
  2164 | Ossuary  | Entered an ossuary
  2171 | Ossuary  | Mangled by a mummy

Vault maps used:
D:1:      mrwooster_arrival_statue_2, serial_forest,
          infiniplex_forest_clump_small, infiniplex_forest_corner_1,
          infiniplex_forest_zigzag_1, infiniplex_forest_clump_diagonal,
          infiniplex_forest_lined_room_3, st_stairs_9
D:2:      overflow_temple_1_default, minmay_split_cup_small
D:3:      first_bread, serial_glass, glass_columns_a, glass_columns_b,
          glass_columns_a, glass_columns_c
D:4:      nicolae_ossuary_entry_monument, uniq_duvessa, uniq_edmund
Ossuary:  ossuary_minmay_chase

Skill      XL: |  1  2  3  4  5 |
---------------+----------------+-----
Unarmed Combat | 1 2 3 |  3.2
Dodging        | 2 3 |  3.0
Fighting       | 1 |  1.4
Stealth        | |  1.1
Spellcasting   | |  1.2
Transmutations | |  0.6
Earth Magic    | |  2.6

Action                   |  1- 3 |  4- 6 || total
-------------------------+-------+-------++-------
Melee: Unarmed           |   107 |    74 ||   181
  Use: Scroll            |       |    10 ||    10
 Stab: Sleeping          |     1 |     1 ||     2
  Eat: Chunk             |    19 |     6 ||    25
Armor: Robe              |    44 |    22 ||    66
Dodge: Dodged            |    42 |    45 ||    87
